 Dungeon Crawl Stone Soup version 0.20.1-1-g8b1a95d (webtiles) character file.

793 schets the Firebug (level 7, 0/54 HPs)
             Began as a Deep Elf Fire Elementalist on Oct 21, 2017.
             Slain by a river rat (2 damage)
             ... on level 5 of the Dungeon.
             The game lasted 00:17:56 (6120 turns).

schets the Firebug (Deep Elf Fire Elementalist)     Turns: 6120, Time: 00:17:57

Health: 0/54       AC: 23    Str:  5    XL:     7   Next: 57%
Magic:  9/17       EV:  2    Int: 22    God:
Gold:   311        SH:  0    Dex: 20    Spells: 7/16 levels left

rFire    . . .     SeeInvis .   s - staff of poison
rCold    . . .     Gourm    .   (no shield)
rNeg     + + +     Faith    .   (armour currently unavailable)
rPois    +         Spirit   .   (helmet currently unavailable)
rElec    .         Reflect  .   (cloak currently unavailable)
rCorr    .         Harm     .   (gloves currently unavailable)
MR       .....     NoTele   +   (boots currently unavailable)
Stlth    +++.......             (no amulet)
Regen    0.2/turn               x - ring of positive energy
MPRegen  0.2/turn               (no ring)

@: agile, tree-form
A: no striking features
a: no special abilities


You were on level 5 of the Dungeon.
You were not hungry.
You were a tree.
You visited 1 branch of the dungeon, and saw 5 of its levels.

You collected 311 gold pieces.

Inventory:

Hand Weapons
 g - a +0 short sword
Armour
 a - a +1 robe (melded)
 q - a +0 large shield
Magical Staves
 s - an uncursed staff of poison (weapon)
Jewellery
 x - a ring of positive energy (left branch)
Wands
 v - a wand of paralysis (24/24)
Scrolls
 k - a scroll of recharging
 n - 3 scrolls of remove curse
 p - a scroll of fog
 u - a scroll of identify
Potions
 e - 2 potions of cancellation
 o - a potion of flight {unknown}
 t - a potion of brilliance
Books
 b - a book of Flames

   Spells                             Type                      Level
   a - Flame Tongue                   Conjuration/Fire             1
   b - Throw Flame                    Conjuration/Fire             2
   c - Conjure Flame                  Conjuration/Fire             3
   d - Inner Flame                    Hexes/Fire                   3
   e - Sticky Flame                   Conjuration/Fire             4
   f - Fireball                       Conjuration/Fire             5
Comestibles
 c - 4 bread rations


   Skills:
 + Level 3.0 Dodging
 - Level 2.5 Stealth
 + Level 5.4 Spellcasting
 * Level 5.3 Conjurations
 - Level 4.0 Hexes
 * Level 6.1 Fire Magic


You had 7 spell levels left.
You knew the following spells:

 Your Spells              Type           Power        Failure   Level  Hunger
a - Flame Tongue          Conj/Fire      ####.        1%          1    None
b - Throw Flame           Conj/Fire      ####..       1%          2    None
c - Conjure Flame         Conj/Fire      ####....     2%          3    ##.....
d - Inner Flame           Hex/Fire       ####....     3%          3    ##.....


Dungeon Overview and Level Annotations

Branches:
Dungeon (5/15)
 Temple: D:4-7

Altars:
Dithmenos
Gozag

Shops:
D:4 (   D:5 *


Message History

Aiming: Flame Tongue
Press: ? - help, Shift-Dir - straight line, f/p - ogre
Aim: an ogre, wielding a giant club (severely wounded)
The flame tongue hits the ogre.
The ogre is almost dead.
The ogre hits you with a giant club.
* * * LOW HITPOINT WARNING * * *
The river rat barely misses you.
Unknown command.
Casting: Flame Tongue
Confirm with . or Enter, or press ? or * to list all spells.
Aiming: Flame Tongue
Press: ? - help, Shift-Dir - straight line, f/p - ogre
Aim: an ogre, wielding a giant club (almost dead)
The flame tongue hits the ogre.
You kill the ogre!
Your Dodging skill increases to level 3!
Your Fire Magic skill increases to level 6!
The river rat bites you.
You die...

♣P♣.♣.P..P......♣..# ##.....##
P♣.♣...........♣##.# ###.......##
♣.♣P♣...##.#...♣ #.###..........#
.♣.♣§♣(.....#..♣ #...............
♣.♣§♣♣..P....♣♣# ##..............
.♣§♣♣♣P♣P.....♣###...............
♣.♣♣♣...♣....o♣o##...............
.♣.P♣.♣♣P....♣or)#............)..
.♣..♣P.♣.......#♣................
.....#.♣.......##..∩............#
#...##.........###..............#
#..####).......# ##.............#
...# ##.......# #............##
).## ######### #............# .**
##............# ,,***
*#............## ,,,,**
**#.##.......####


You could see an orc priest, a river rat and 2 orcs.

Vanquished Creatures
  2 ogres
  2 phantoms (D:4)
  A jelly (D:5)
  A bullfrog zombie (D:5)
  2 bullfrog skeletons
  2 hounds (D:4)
  An iguana (D:5)
  A hound zombie (D:5)
  A hound skeleton (D:5)
  4 gnolls
  2 adders (D:3)
  A howler monkey skeleton (D:5)
  A river rat (D:5)
  An ooze (D:5)
  6 worms
  2 dart slugs
  2 leopard geckos
  6 orcs
  6 giant cockroaches
  6 hobgoblins
  5 jackals (D:2)
  7 kobolds
  A quokka (D:2)
  A ball python (D:3)
  13 bats
  4 frilled lizards
  15 goblins
  A leopard gecko zombie (D:5)
  A quokka skeleton (D:5)
  12 rats
110 creatures vanquished.

Vanquished Creatures (others)
  4 plants (D:5)
4 creatures vanquished.

Grand Total: 114 creatures vanquished

Notes
Turn   | Place    | Note
-------+----------+-------------------------------------------
     0 | D:1      | schets the Deep Elf Fire Elementalist began the quest for the Orb.
     0 | D:1      | Reached XP level 1. HP: 10/10 MP: 6/6
   261 | D:1      | Reached XP level 2. HP: 15/15 MP: 6/8
   271 | D:1      | Learned a level 2 spell: Throw Flame
   945 | D:2      | Reached XP level 3. HP: 19/19 MP: 3/10
  1194 | D:2      | Found a faded altar of an unknown god.
  1450 | D:2      | Reached skill level 4 in Fire Magic
  1865 | D:2      | Reached XP level 4. HP: 24/24 MP: 6/11
  2408 | D:2      | Learned a level 3 spell: Conjure Flame
  2657 | D:3      | Found an opulent altar of Gozag.
  2812 | D:3      | Learned a level 3 spell: Inner Flame
  3369 | D:3      | Reached XP level 5. HP: 28/28 MP: 10/13
  3666 | D:3      | Reached skill level 1 in Hexes
  3789 | D:4      | Found Xiss's Weapon Shop.
  4003 | D:4      | Noticed a phantom
  4020 | D:4      | Killed a phantom
  4137 | D:4      | Reached skill level 5 in Fire Magic
  4137 | D:4      | Reached XP level 6. HP: 32/32 MP: 5/14
  4863 | D:4      | Found a shadowy altar of Dithmenos.
  4984 | D:5      | Entered Level 5 of the Dungeon
  5091 | D:5      | Reached XP level 7. HP: 36/36 MP: 10/16
  5328 | D:5      | Reached skill level 5 in Spellcasting
  5529 | D:5      | Found Suipaini's Assorted Antiques.
  5687 | D:5      | Reached skill level 5 in Conjurations
  6119 | D:5      | HP: 2/54 [ogre/giant club (5)]
  6120 | D:5      | Reached skill level 6 in Fire Magic
  6120 | D:5      | Slain by a river rat

Skill      XL: |  1  2  3  4  5  6  7 |
---------------+----------------------+-----
Conjurations   | 2 3 4 5 |  5.3
Fire Magic     | 4 5 6 |  6.1
Spellcasting   | 4 5 |  5.4
Hexes          | 2 3 4 |  4.0
Dodging        | 3 |  3.0
Stealth        | |  2.5

Action                   |  1- 3 |  4- 6 |  7- 9 || total
-------------------------+-------+-------+-------++-------
Melee: Short sword       |     6 |     6 |       ||    12
       Staff             |       |       |     3 ||     3
 Cast: Flame Tongue      |    86 |    99 |    59 ||   244
       Conjure Flame     |       |    10 |     5 ||    15
       Inner Flame       |       |     6 |     2 ||     8
       Throw Flame       |       |     1 |     1 ||     2
  Use: Scroll            |       |     3 |     8 ||    11
       Potion            |       |       |     4 ||     4
  Eat: Chunk             |     2 |     5 |       ||     7
       Meat ration       |       |     2 |       ||     2
Armor: Robe              |    12 |       |     7 ||    19
       Skin              |       |       |     5 ||     5
Dodge: Dodged            |    26 |    19 |    37 ||    82
